Map: Cactus Valley LE (Void)

Players

Bop - Winner!

  • Race: Terran Terran

Oresama

  • Race: Zerg Zerg

VOD

Have the link to the VOD?

Description

Time

  • Played on: May 4, 2015, 5:01 a.m.
  • Length: 10:59
Show
View Real Time Build Order
Export as new Build Order

Bop Terran - Winner!

Build Orders: Command Center First (CC), Bio Tank, MMM Bio, Siege Tank Drop 

Get SALT Encoding   

  12  0:01  SCV  
  13  0:13  SCV  
  14  0:19  Supply Depot  
  14  0:25  SCV  
  15  0:40  SCV  
  16  0:52  SCV  
  17  1:04  Command Center  
  17  1:08  SCV  
  18  1:15  Barracks  
  18  1:21  Refinery  
  18  1:23  SCV  
  19  1:35  SCV  
  20  1:47  SCV  
  21  1:57  Supply Depot  
  21  2:02  Marine, Orbital Command  
  22  2:09  Bunker  
  22  2:17  Orbital Command  
  22  2:20  Marine  
  23  2:28  SCV  
  24  2:34  Factory  
  24  2:38  Marine  
  24  2:42  SCV  
  24  2:43  SCV  
  27  2:56  Marine  
  28  3:02  SCV  
  29  3:10  SCV  
  29  3:14  Command Center, SCV  
  29  3:18  Barracks Reactor  
  30  3:21  Starport  
  30  3:24  SCV, Refinery  
  30  3:26  SCV  
  32  3:31  Barracks  
  32  3:32  Barracks  
  32  3:38  SCV x2  
  32  3:40  Factory Tech Lab  
  33  3:49  Supply Depot  
  33  3:50  Supply Depot, SCV x2  
  35  4:03  Marine x2  
  35  4:04  Siege Tank  
  35  4:06  SCV x2  
  42  4:18  SCV x2  
  42  4:20  Marine x2  
  42  4:21  Marine x2  
  42  4:22  Medivac  
  50  4:28  Engineering Bay x2  
  50  4:35  SCV  
  50  4:36  SCV  
  52  4:45  Barracks Reactor  
  52  4:46  Barracks Tech Lab  
  52  4:48  SCV x2, Orbital Command  
  54  4:55  Refinery  
  54  4:56  Refinery  
  54  5:02  Terran Infantry Weapons Level 1  
  54  5:07  Marine x3  
  54  5:09  SCV x2  
  59  5:19  Barracks  
  59  5:21  SCV x2, Stimpack, Barracks  
  61  5:23  Marine x2  
  61  5:25  Marine  
  64  5:34  Starport Reactor  
  64  5:39  Marine x2  
  64  5:41  Siege Tank, Marine  
  70  5:50  SCV x2  
  70  5:51  SCV  
  73  5:58  Marine  
  73  5:59  Marine x3  
  73  6:02  Terran Infantry Armor Level 1  
  77  6:06  SCV x2, Armory, Marine  
  80  6:12  Orbital Command  
  80  6:14  Barracks Reactor  
  80  6:15  Barracks Reactor  
  80  6:17  Marine x3  
  80  6:18  Command Center, Marine  
  84  6:31  Marine  
  84  6:32  Siege Tank  
  88  6:35  Marine x4  
  92  6:48  Missile Turret  
  92  6:50  Missile Turret  
  92  6:56  Medivac  
  92  6:57  Medivac  
  92  7:00  Marine x2  
  92  7:01  Missile Turret  
  93  7:17  Terran Infantry Weapons Level 2  
  93  7:19  Terran Vehicle and Ship Weapons Level 1  
  93  7:25  Combat Shields  
  93  7:30  SCV x3, Siege Tank, Marine x9  
  108  7:37  Supply Depot  
  108  7:40  Supply Depot  
  108  7:42  SCV  
  108  7:53  Supply Depot  
  108  7:55  Supply Depot  
  108  7:59  Medivac, Terran Infantry Armor Level 2, Marine x6  
  108  8:01  SCV, Medivac, Marine x3  
  122  8:15  Siege Tank  
  122  8:16  Marine x6  
  122  8:19  Marine  
  132  8:23  Marine x2  
  132  8:24  Bunker  
  134  8:30  Medivac  
  134  8:32  SCV x3  
  139  8:34  Marine  
  139  8:35  Marine x3  
  139  8:36  Marine x2  
  133  8:44  SCV  
  133  8:47  Siege Tank  
  133  8:48  Marine x3  
  131  8:52  Marine  
  134  9:13  Marine x5  
  134  9:14  Marine x4  
  120  9:19  Siege Tank  
  114  9:30  Marine  
  114  9:31  Marine x5  
  115  9:32  Marine x3  
  122  9:48  Marine  
  122  9:49  Marine x2  
  125  9:54  Marine x2  
  125  10:27  Marine  
  125  10:28  Marine  
  125  10:29  Marine x3  
  125  10:30  Marine  
  125  10:33  Marine  
  125  10:34  Marine x2  
Show
View Real Time Build Order
Export as new Build Order

Oresama Zerg 

Build Orders: Hatch First 

Get SALT Encoding   

  12  0:01  Drone  
  13  0:10  Drone  
  14  0:17  Overlord  
  14  0:26  Extractor  
  14  0:28  Drone, Extractor  
  13  0:30  Drone  
  16  0:52  Hatchery  
  16  0:55  Drone  
  16  1:10  Spawning Pool  
  15  1:14  Drone  
  15  1:17  Drone  
  17  1:21  Drone  
  18  1:28  Overlord  
  18  1:40  Extractor  
  18  1:41  Drone  
  18  1:58  Queen  
  18  1:59  Zergling x2  
  21  2:06  Zergling x2  
  21  2:07  Queen  
  24  2:11  Drone x2  
  26  2:26  Drone x2  
  28  2:30  Overlord  
  28  2:41  Metabolic Boost  
  28  2:47  Queen x2  
  32  3:00  Drone x5  
  37  3:10  Drone x3  
  37  3:12  Overlord  
  39  3:19  Drone  
  41  3:20  Drone x2  
  41  3:22  Drone  
  43  3:43  Zergling x6  
  43  3:44  Zergling x10  
  43  3:46  Overlord  
  51  4:01  Overlord, Extractor  
  51  4:02  Overlord x2  
  50  4:09  Drone x4  
  54  4:16  Drone x3  
  57  4:25  Hatchery  
  56  4:31  Evolution Chamber  
  56  4:32  Evolution Chamber  
  51  4:40  Drone x6  
  51  4:41  Drone x2  
  58  4:55  Burrow  
  58  4:57  Extractor  
  57  5:02  Extractor  
  55  5:11  Zergling x12  
  55  5:12  Zergling x6  
  64  5:14  Hatchery  
  64  5:18  Drone  
  64  5:20  Zerg Ground Armor Level 1  
  64  5:51  Drone x2  
  64  5:52  Drone x7  
  64  5:53  Drone x3  
  76  6:14  Zerg Melee Weapons Level 1  
  76  6:15  Lair  
  76  6:18  Pneumatized Carapace  
  76  6:25  Overlord  
  76  6:26  Overlord x4  
  76  6:27  Drone  
  76  6:28  Drone x5  
  82  6:35  Extractor  
  82  6:36  Extractor  
  79  6:48  Zergling x8  
  79  6:49  Zergling x16  
  82  7:15  Drone x5  
  85  7:16  Drone x5  
  85  7:19  Extractor x2  
  85  7:21  Infestation Pit  
  85  7:51  Zergling x2  
  85  7:52  Zergling x38  
  85  7:53  Zergling x12  
  111  8:05  Hive  
  111  8:23  Infestor x4  
  111  8:24  Infestor  
  111  8:25  Pathogen Glands  
  106  8:42  Hatchery  
  106  8:44  Zergling x2  
  106  8:45  Zergling x34  
  86  9:23  Zergling x28  
  92  9:31  Evolution Chamber  
  92  9:32  Evolution Chamber  
  92  9:33  Zergling x2  
  92  9:34  Ultralisk Cavern, Zergling x22  
  96  9:49  Infestor x6  
  106  9:55  Infestation Pit  
  105  10:05  Queen  
  105  10:06  Infestor  
  107  10:08  Queen  
  69  10:37  Zergling x22  
  69  10:38  Zergling x8  
Tags
 
Add a new tag
Caveats
  • Supply blocks, unpowered buildings, or Contaminate may cause inaccurate times.
  • Supply counts are checked every 10 seconds.